 Dungeon Crawl Stone Soup version 0.21.1-1-g345015f (webtiles) character file.

361 Mgcat the Insei (level 6, -3/51 HPs)
             Began as a Merfolk Transmuter on Mar 19, 2018.
             Slain by an orc wizard
             ... wielding a +0 dagger
              (4 damage)
             ... on level 4 of the Dungeon.
             The game lasted 00:08:15 (3599 turns).

Mgcat the Insei (Merfolk Transmuter)                Turns: 3599, Time: 00:08:15

Health: -3/51      AC:  2    Str: 11      XL:     6   Next: 66%
Magic:  9/9        EV: 13    Int: 13 (14) God:
Gold:   193        SH:  0    Dex: 13 (14) Spells: 3/9 levels left

rFire    + + .     SeeInvis +   t - +2 mace (holy)
rCold    . . .     Gourm    .   (no shield)
rNeg     . . .     Faith    .   b - +0 robe
rPois    .         Spirit   .   (no helmet)
rElec    .         Reflect  .   (no cloak)
rCorr    .         Harm     .   (no gloves)
MR       .....     Rnd*Tele +   (no boots)
Stlth    +.........             (no amulet)
HPRegen  0.17/turn              h - ring of fire {rF+, rC-}
MPRegen  0.11/turn              (no ring)

@: appendage, slowed, very slow
A: change form in water, swift swim, stealthy swim, horns 2, see invisible, cold
resistance 1, deterioration 1, fire resistance 1, teleportitis 1
a: End Transformation


You were on level 4 of the Dungeon.
You were very hungry.
You had grown temporary horns.
You visited 1 branch of the dungeon, and saw 4 of its levels.

You collected 193 gold pieces.

Inventory:

Hand Weapons
 t - a +2 mace of holy wrath (weapon)
   (You found it on level 2 of the Dungeon)
Missiles
 a - 44 arrows
 l - 8 tomahawks (quivered)
Armour
 b - a +0 robe (worn)
Jewellery
 g - a cursed -3 ring of strength {unknown}
   (You took it off a kobold on level 2 of the Dungeon)
 h - a ring of fire (left hand) {rF+, rC-}
   (You found it on level 1 of the Dungeon)
Wands
 y - a wand of enslavement (12)
   (You found it on level 3 of the Dungeon)
Scrolls
 f - 4 scrolls of identify {unknown}
 i - a scroll of enchant weapon {unknown}
 j - 2 scrolls of immolation {unknown}
 k - 2 scrolls of enchant armour {unknown}
 m - a scroll of remove curse {unknown}
 r - a scroll of noise {unknown}
 s - 2 scrolls of fog {unknown}
 u - a scroll of blinking {unknown}
 v - 2 scrolls of amnesia {unknown}
 w - a scroll of fear {unknown}
 x - a scroll of teleportation {unknown}
Potions
 e - a potion of flight {unknown}
 n - a potion of magic {unknown}
 o - 2 potions of curing
 p - a potion of might {unknown}
 q - a potion of berserk rage {unknown}
 z - a potion of brilliance {unknown}
 A - a potion of haste {unknown}
Books
 c - a book of Changes
Comestibles
 d - 4 rations


   Skills:
 + Level 5.1 Fighting
 - Level 2.6 Dodging
 + Level 6.1 Unarmed Combat
 - Level 2.0 Spellcasting
 - Level 2.6 Transmutations


You had 3 spell levels left.
You knew the following spells:

 Your Spells              Type           Power        Failure   Level  Hunger
a - Beastly Appendage     Tmut           #.....       9%          1    ##.....
b - Sticks to Snakes      Tmut           #.......     13%         2    ###....
c - Spider Form           Tmut/Pois      #.........   41%         3    ####...


Dungeon Overview and Level Annotations

Branches:
Dungeon (4/15)
 Temple: D:4-7

Altars:
Kikubaaqudgha

Shops:
D:4 }

Annotations:
D:4 letownia2's ghost, weakling MfTm


Innate Abilities, Weirdness & Mutations

You revert to your normal form in water.
You are very nimble and swift while swimming.
You are very stealthy in the water. (Stealth+)
You have a pair of horns on your head.
You have supernaturally acute eyesight. (SInv)
Your flesh is cold resistant. (rC+)
Your body sometimes deteriorates upon taking damage.
Your flesh is heat resistant. (rF+)
You are occasionally teleported next to monsters.


Message History

Your adder barely misses the phantom.
The phantom closely misses you.
Your adder barely misses the phantom.
The phantom barely misses you.
You closely miss the phantom.
The phantom is moderately damaged.
Your adder completely misses the phantom.
Your adder bites the phantom but does no damage.
The phantom hits you.
The phantom blinks!
Your adder bites the phantom.
You completely miss the phantom.
The phantom is moderately damaged.
Your adder barely misses the phantom.
The phantom hits you!
Your adder bites the phantom but does no damage.
You sock the phantom!
The phantom convulses!
The phantom is heavily damaged.
The phantom barely misses you.
Your adder barely misses the phantom.
The phantom hits you.
* * * LOW HITPOINT WARNING * * *
Casting: Sticks to Snakes
Confirm with . or Enter, or press ? or * to list all spells.
You grow a pair of large bovine horns.
Your adder closely misses the phantom.
The phantom hits you!
* * * LOW HITPOINT WARNING * * *
The phantom blinks!
You feel better.
Your transformation is almost over.
Your adder closely misses the phantom.
The phantom completely misses your adder.
You feel better.
Your adder bites the phantom.
The phantom blinks!
The phantom blinks!
Your adder withers and dies!
There is an entrance to Cekkox's Gadget Shop here.
Casting: Beastly Appendage
Confirm with . or Enter, or press ? or * to list all spells.
You create a snake!
You now have 44 arrows.
Your horns disappear.
The phantom misses you.
Your ball python barely misses the phantom.
You hit the phantom.
The phantom convulses.
The phantom is severely damaged.
The phantom closely misses you.
Your ball python misses the phantom.
The phantom hits you!
The phantom blinks!
The phantom hits your ball python!
Your ball python dies!
The phantom blinks!
You hit the phantom.
The phantom convulses!
You destroy the phantom!
Your Fighting skill increases to level 5!
Your Unarmed Combat skill increases to level 6!
You are feeling very hungry.
You are suddenly yanked towards some nearby monsters!
Your surroundings suddenly seem different.
An orc wizard comes into view. It is wielding a dagger.
The orc wizard shouts!
An orc comes into view.
The orc shouts!
You hear a shout! x3
The orc wizard points at you and mumbles some strange words.
You feel yourself slow down.
You hear a shout!
An orc wizard comes into view.
It is wielding a dagger. 2 orcs come into view.
The orc shouts! x2; You hear a howl!
The orc wizard misses you.
Casting: Sticks to Snakes
Confirm with . or Enter, or press ? or * to list all spells.
You grow a pair of large bovine horns.
The orc wizard hits you with a dagger.
You closely miss the orc wizard.
You headbutt the orc wizard, but do no damage.
The orc wizard mumbles some strange words.
The orc wizard seems to speed up.
The orc wizard barely misses you. x2
You barely miss the orc wizard. You headbutt the orc wizard.
The orc wizard is lightly wounded.
The orc wizard misses you. The orc wizard casts a spell at you.
The magic dart hits you!
Your body deteriorates!
You feel clumsy.
The orc wizard gestures at you while chanting.
The magic dart hits you!
* * * LOW HITPOINT WARNING * * *
Your body deteriorates!
You feel dopey. The orc wizard hits you with a dagger.
* * * LOW HITPOINT WARNING * * *
The orc wizard hits you with a dagger.
* * * LOW HITPOINT WARNING * * *
The orc wizard hits you with a dagger.
* * * LOW HITPOINT WARNING * * *
You barely miss the orc wizard. The orc wizard hits you with a dagger.
* * * LOW HITPOINT WARNING * * *
The orc wizard misses you. The orc wizard hits you with a dagger.
* * * LOW HITPOINT WARNING * * *
The orc wizard barely misses you.
The orc wizard mumbles some strange words.
The orc wizard blinks!
A howler monkey comes into view.
The howler monkey howls!
You hit the orc wizard.
The orc wizard is moderately wounded.
You hear a shout!
The howler monkey hoots and howls with incredible vigour!
The orc wizard hits you with a dagger.
You die...

..# ..# ..#
..# ..#
..#####
.......
.....
####..#####
#o@........
#.##.......
#o #..####
#o ..h. #o
.### #. .#
#o # .#


You could see a howler monkey, 2 orc wizards and 3 orcs.

Vanquished Creatures
  Grinder (D:3)
  A phantom (D:4)
  3 gnolls (D:2)
  An adder (D:3)
  An ooze (D:1)
  3 worms
  A dart slug (D:2)
  4 leopard geckos
  6 orcs (D:3)
  8 bats
  6 giant cockroaches
  6 goblins
  10 hobgoblins
  4 jackals (D:2)
  7 kobolds
  2 quokkas (D:3)
  5 frilled lizards (D:1)
  A quokka skeleton (D:4)
  5 rats
75 creatures vanquished.

Notes
Turn   | Place    | Note
-------+----------+-------------------------------------------
     0 | D:1      | Mgcat the Merfolk Transmuter began the quest for the Orb.
     0 | D:1      | Reached XP level 1. HP: 15/15 MP: 3/3
    50 | D:1      | Reached XP level 2. HP: 16/22 MP: 3/5
   214 | D:1      | Reached skill level 2 in Fighting
   337 | D:1      | Reached XP level 3. HP: 21/27 MP: 4/6
   390 | D:1      | Reached skill level 4 in Unarmed Combat
  1171 | D:2      | Learned a level 2 spell: Sticks to Snakes
  1175 | D:2      | Learned a level 3 spell: Spider Form
  1369 | D:2      | HP: 5/28 [gnoll/flail (10)]
  1372 | D:2      | Reached skill level 3 in Fighting
  1372 | D:2      | Reached XP level 4. HP: 6/35 MP: 5/7
  1377 | D:2      | HP: 6/35 [giant cockroach (1)]
  1380 | D:2      | Gained mutation: You are clumsy. (Dex -2) [potion of mutation]
  1380 | D:2      | Gained mutation: You are occasionally teleported next to monsters. [potion of mutation]
  1380 | D:2      | Gained mutation: Your mind is acute. (Int +2) [potion of mutation]
  1396 | D:2      | Lost mutation: You are clumsy. (Dex -2) [potion of mutation]
  1396 | D:2      | Lost mutation: Your mind is acute. (Int +2) [potion of mutation]
  1396 | D:2      | Gained mutation: Your body sometimes deteriorates upon taking damage. [potion of mutation]
  1396 | D:2      | Gained mutation: Your flesh is heat resistant. (rF+) [potion of mutation]
  1396 | D:2      | Gained mutation: You have supernaturally acute eyesight. (SInv) [potion of mutation]
  1396 | D:2      | Gained mutation: Your flesh is cold resistant. (rC+) [potion of mutation]
  1815 | D:2      | Found an ancient bone altar of Kikubaaqudgha.
  2343 | D:3      | Reached XP level 5. HP: 30/41 MP: 6/8
  2415 | D:3      | Reached skill level 5 in Unarmed Combat
  2725 | D:3      | Noticed Grinder
  2727 | D:3      | Paralysed by Grinder for 2 turns
  2738 | D:3      | Paralysed by Grinder for 6 turns
  2747 | D:3      | Paralysed by Grinder for 6 turns
  2753 | D:3      | HP: 10/42 [Grinder (1)]
  2755 | D:3      | Killed Grinder
  2755 | D:3      | Reached skill level 4 in Fighting
  2755 | D:3      | Reached XP level 6. HP: 13/49 MP: 6/9
  3430 | D:4      | Found Cekkox's Gadget Shop.
  3439 | D:4      | Noticed a phantom
  3440 | D:4      | Noticed letownia2's ghost (weakling MfTm)
  3477 | D:4      | HP: 3/49 [phantom (10)]
  3494 | D:4      | Killed a phantom
  3494 | D:4      | Reached skill level 5 in Fighting
  3494 | D:4      | Reached skill level 6 in Unarmed Combat
  3597 | D:4      | HP: 11/51 [orc wizard/dagger (2)]
  3598 | D:4      | HP: 4/51 [orc wizard/dagger (3)]
  3598 | D:4      | HP: 1/51 [orc wizard/dagger (3)]
  3599 | D:4      | Slain by an orc wizard

Skill      XL: |  1  2  3  4  5  6 |
---------------+-------------------+-----
Fighting       | 2 3 4 5 |  5.1
Unarmed Combat | 4 5 6 |  6.1
Dodging        | |  2.6
Spellcasting   | |  2.0
Transmutations | |  2.6

Action                   |  1- 3 |  4- 6 || total
-------------------------+-------+-------++-------
Melee: Unarmed           |   117 |    25 ||   142
       Punch             |     3 |       ||     3
       Headbutt          |     9 |    16 ||    25
       Mace              |       |    84 ||    84
 Cast: Beastly Appendage |    22 |    25 ||    47
       Sticks to Snakes  |       |     3 ||     3
  Use: Potion            |       |     5 ||     5
 Stab: Sleeping          |       |     1 ||     1
  Eat: Chunk             |     2 |     7 ||     9
Armor: Robe              |    16 |    20 ||    36
Dodge: Dodged            |   106 |    79 ||   185

Vault maps used:
D:1:      denvon_arrival_planthouse, serial_forest,
          infiniplex_forest_clump_small, infiniplex_forest_straight_2,
          infiniplex_forest_split, infiniplex_forest_clump_medium,
          infiniplex_forest_straight_4, infiniplex_forest_clump_medium,
          minmay_cupped
D:2:      kiku_gazebo_garden_becter, first_ration
D:3:      minmay_quantized, uniq_grinder
D:4:      lemuel_coloured_pillars_altar, kennysheep_mini, serial_shops, shop

Table legend:
 A = Turns spent in this place as a percentage of turns spent in the entire game.
 B = Non-inter-level travel turns spent in this place as a percentage of non-inter-level travel turns spent in the entire game.
 C = Inter-level travel turns spent in this place as a percentage of turns spent in this place.
 D = Turns resting spent in this place as a percentage of non-inter-level travel turns spent in this place.
 E = Turns spent auto-exploring this place as a percentage of non-inter-level travel turns spent in this place.
 F = Non-inter-level travel turns spent in this place divided by the number of levels of this place that you've seen.
                   A       B       C       D       E      F
               +-------+-------+-------+-------+-------+----------------------
         Total | 100.0 | 100.0 |   2.7 |   0.0 |  83.6 | 875.5
       Dungeon | 100.0 | 100.0 |   2.7 |   0.0 |  83.6 | 875.5
               +-------+-------+-------+-------+-------+----------------------

Table legend:
 A = Kills in this place as a percentage of kills in entire the game.
 B = Kills by you in this place as a percentage of kills by you in the entire game.
 C = Kills by friends in this place as a percentage of kills by friends in the entire game.
 D = Other kills in this place as a percentage of other kills in the entire game.
 E = Experience gained in this place as a percentage of experience gained in the entire game.
 F = Experience gained in this place divided by the number of levels of this place that you have seen.
                   A       B       C       D       E      F
               +-------+-------+-------+-------+-------+----------------------
         Total | 100.0 | 100.0 |   N/A |   N/A | 100.0 | 129.0
       Dungeon | 100.0 | 100.0 |   N/A |   N/A | 100.0 | 129.0
               +-------+-------+-------+-------+-------+----------------------
